 Seeded DCSS version 0.30-a0-137-gd8773701ce (webtiles) character file.

Game seed: 15341116380789652165 (custom seed)

654494 SigmundSlayer the Slayer (level 27, -8/168 HPs)
             Began as a Demonspawn Monk on Sept 21, 2022.
             Was the Champion of Cheibriados.
             Killed by divine providence
             ... invoked by a living spell
             ... summoned by a walking divine tome
              (9 damage)
             ... on level 19 of a ziggurat on Sept 22, 2022.
             The game lasted 02:20:44 (62583 turns).

SigmundSlayer the Slayer (Demonspawn Monk)         Turns: 62583, Time: 02:20:44

Health: -8/168     AC: 36    Str: 32      XL:     27
Magic:  0/25       EV: 34    Int: 22 (25) God:    Cheibriados [******]
Gold:   10180      SH: 35    Dex: 45      Spells: 36/44 levels left

rFire   + + .      SeeInvis +    a - +8 autumn katana {vorpal, manifold assault}
rCold   + + +      Faith    .    i - +4 tower shield
rNeg    + + +      Spirit   +    x - +4 gold dragon scales
rPois   +          Reflect  .    (helmet unavailable)
rElec   +          Harm     .    E - +2 cloak {Will+}
rCorr   .          Rampage  .    T - +2 pair of gloves {hurl}
Will    ++++.      Rage     9%   h - +3 pair of boots of the Hurricane {rC+}
Stlth   .......... Rnd*Tele +    c - amulet "Cufyfu" {RegenMP rElec rN++ Int-3 SInv}
HPRegen 0.00/turn                n - ring of the Octopus King {rN+ HP+2 AC+2 EV+2 SH+2}
MPRegen 0.78/turn                L - ring "Weaga" {rC+ rN+ Str+2 Dex+3}

@: on berserk cooldown, sick, inhibited regen, slowed, studying 3 skills, unable
to read, unable to drink, very slow
A: antennae 3, demonic guardian 3, hurl damnation, torment resistance 1, magic
shield, magic regeneration, magic link, big brain 3, demonic willpower, agile 2,
cold resistance 1, fire resistance 1, poison resistance, [berserk 2], [deformed
body], deterioration 1[+1], [dopey 2], [frail 3], [low MP 3], [screaming 2],
[inhibited regeneration], [teleportitis 2], weak 1[+1], [no potion heal 2],
[subdued magic 2], [inability to drink after injury 2], inability to read after
injury 1[+1]
}: 4/15 runes: decaying, slimy, silver, gossamer
a: Hurl Damnation, Renounce Religion, Bend Time, Temporal Distortion, Slouch,
Step From Time


You were on level 19 of a ziggurat.
You worshipped Cheibriados.
Cheibriados was exalted by your worship.
You visited 10 branches of the dungeon, and saw 48 of its levels.
You visited the Abyss 1 time.
You visited 1 ziggurat, and saw 19 of its levels.
You also visited: Sewer, Gauntlet, Ice Cave and Volcano.

You collected 11121 gold pieces.
You spent 941 gold pieces at shops.

Inventory:

Hand Weapons
 a - the +8 autumn katana (weapon) {vorpal, manifold assault}
   (You found it in a Gauntlet)

   It sometimes launches melee attacks against multiple visible enemies.
 b - the +9 staff of Olgreb {rPois∞}
   (You found it on level 5 of the Dungeon)

   If the wielder is skilled in Evocations, they can envenom those struck by it,
   dealing poison damage which bypasses armour.
   It enhances your poison magic.
   It grants immunity to poison.
   It can be activated via the 'a'bility menu to radiate toxic energy, with
   effectiveness depending on Evocations skill.
Missiles
 M - 5 throwing nets
 P - 4 silver javelins
 V - 29 javelins (quivered)
Armour
 h - the +3 pair of boots of the Hurricane (worn) {rC+}
   (You acquired it on level 10 of the Dungeon)

   rC:        It protects you from cold.
 i - a +4 tower shield (worn)
 x - +4 gold dragon scales (worn)
 E - a +2 cloak of willpower (worn)
 K - the +1 faerie dragon scales {rCorr Int+3}
   (You took it off the Enchantress on level 2 of the Depths)

   Int:       It affects your intelligence (+3).
   rCorr:     It protects you from acid and corrosion.
 T - a +2 pair of gloves of hurling (worn)
Jewellery
 c - the amulet "Cufyfu" (around neck) {RegenMP rElec rN++ Int-3 SInv}
   (You found it on level 17 of a ziggurat)

   [amulet of magic regeneration]

   It increases your rate of magic regeneration.
   Int:       It affects your intelligence (-3).
   rElec:     It insulates you from electricity.
   rN:        It greatly protects you from negative energy.
   SInv:      It lets you see invisible.
 l - the ring of the Exiled Beggars {Wiz rC+ Str+3 Int+5 Dex+3}
   (You found it on level 16 of a ziggurat)

   [ring of wizardry]

   It improves your spell success rate.
   Str:       It affects your strength (+3).
   Int:       It affects your intelligence (+5).
   Dex:       It affects your dexterity (+3).
   rC:        It protects you from cold.
 n - a ring of the Octopus King (left hand) {rN+ HP+2 AC+2 EV+2 SH+2}
   (You found it on level 17 of a ziggurat)

   [ring of positive energy]

   AC:        It affects your AC (+2).
   EV:        It affects your evasion (+2).
   rN:        It protects you from negative energy.
   HP:        It affects your health (+2).
   SH:        It affects your SH (+2).
 o - the ring "Ryzizaun" {rF+ rN+ Str+6}
   (You took it off a deep elf blademaster on level 3 of the Elven Halls)

   [ring of strength]

   Str:       It affects your strength (+6).
   rF:        It protects you from fire.
   rN:        It protects you from negative energy.
 p - the amulet of Vitality {RegenMP++ Regen++}
   (You found it on level 3 of the Elven Halls)

   [amulet of magic regeneration]

   It increases your rate of magic regeneration.
   Regen:     It increases your rate of health regeneration.
 w - the macabre finger necklace {rN+}
   (You took it off a deep elf sorcerer on level 3 of the Elven Halls)

   [amulet of nothing]

   It enables you to equip an extra ring.
   rN:        It protects you from negative energy.
 L - the ring "Weaga" (right hand) {rC+ rN+ Str+2 Dex+3}
   (You bought it in a shop on level 4 of the Vaults)

   [ring of protection from cold]

   Str:       It affects your strength (+2).
   Dex:       It affects your dexterity (+3).
   rC:        It protects you from cold.
   rN:        It protects you from negative energy.
 O - the ring of Wetokoam {Wiz Int+3 Slay+2}
   (You found it on level 5 of a ziggurat)

   [ring of wizardry]

   It improves your spell success rate.
   Int:       It affects your intelligence (+3).
   Slay:      It affects your accuracy & damage with ranged weapons and melee
   (+2).
Wands
 f - a wand of flame (105)
 k - a wand of light (11)
 m - a wand of digging (34)
 r - a wand of mindburst (2)
 t - a wand of polymorph (32)
 F - a wand of paralysis (42)
 N - a wand of iceblast (26)
Scrolls
 e - 15 scrolls of teleportation
 g - 8 scrolls of blinking
 v - 11 scrolls of fear
 z - 20 scrolls of fog
 A - 8 scrolls of silence
 C - 7 scrolls of poison
 D - 10 scrolls of magic mapping
 I - 8 scrolls of summoning
 Q - 4 scrolls of brand weapon
 X - 5 scrolls of amnesia
Potions
 d - 4 potions of magic
 B - 13 potions of brilliance
 G - 2 potions of cancellation
 H - 5 potions of flight
 J - 20 potions of mutation
 R - 2 potions of resistance
 Y - 8 potions of curing
Miscellaneous
 j - a phial of floods
 q - a condenser vane
 U - a box of beasts
 W - a phantom mirror


   Skills:
 + Level 24.0 Fighting
 - Level 17.9 Long Blades
 - Level 21.0 Armour
 - Level 21.1 Dodging
 - Level 1.8 Stealth
 - Level 18.6 Shields
 - Level 9.3 Spellcasting
 - Level 5.2 Fire Magic
 - Level 20.0 Invocations
 - Level 5.9 Evocations


You had 36 spell levels left.
You knew the following spells:

 Your Spells              Type           Power      Damage    Failure   Level
a - Ignition              Fire           10%        3d5       100%        8

Your spell library contained the following spells:

 Spells                   Type           Power      Damage    Failure   Level
 Scorch                   Fire           40%        2d7       6%          2
 Apportation              Tloc           12%        N/A       36%         1
 Beastly Appendage        Tmut           12%        N/A       36%         1
 Freeze                   Ice            24%        1d5       36%         1
 Magic Dart               Conj           24%        1d4       36%         1
 Necrotise                Necr           24%        1d5       36%         1
 Sandblast                Erth           12%        2d6       36%         1
 Shock                    Conj/Air       24%        1d4       36%         1
 Slow                     Hex            24%        N/A       36%         1
 Sting                    Tmut/Pois      24%        1d4       36%         1
 Summon Small Mammal      Summ           24%        N/A       36%         1
 Inner Flame              Hex/Fire       13%        N/A       38%         3
 Blink                    Tloc           12%        N/A       50%         2
 Call Imp                 Summ           6%         N/A       50%         2
 Cigotuvi's Dreadful Rot  Necr/Pois/Air  12%        N/A       50%         2
 Passwall                 Tmut/Erth      5%         N/A       50%         2
 Poisonous Vapours        Pois/Air       12%        N/A       50%         2
 Static Discharge         Conj/Air       12%        2-3/arc   50%         2
 Sublimation of Blood     Necr           6%         N/A       50%         2
 Wereblood                Tmut           6%         N/A       50%         2
 Ignite Poison            Fire/Tmut/Pois 11%        N/A       50%         3
 Kindle Blastsparks       Fire/Tloc/Air  22%        2d11      50%         3
 Call Canine Familiar     Summ           6%         N/A       75%         3
 Confusing Touch          Hex            6%         N/A       75%         3
 Dazzling Flash           Conj/Hex       12%        N/A       75%         3
 Frozen Ramparts          Ice            12%        1d2       75%         3
 Gell's Gravitas          Tloc           6%         N/A       75%         3
 Lesser Beckoning         Tloc           6%         N/A       75%         3
 Mephitic Cloud           Conj/Pois/Air  6%         N/A       75%         3
 Ozocubu's Armour         Ice            6%         N/A       75%         3
 Portal Projectile        Hex/Tloc       12%        N/A       75%         3
 Spider Form              Tmut/Pois      6%         N/A       75%         3
 Stone Arrow              Conj/Erth      12%        3d7       75%         3
 Teleport Other           Tloc           6%         N/A       75%         3
 Tukima's Dance           Hex            6%         N/A       75%         3
 Vampiric Draining        Necr           6%         2d6       75%         3
 Flame Wave               Conj/Fire      13%        2d6       78%         4
 Airstrike                Air            3%         2d(1-17)  98%         4
 Anguish                  Hex/Necr       3%         N/A       98%         4
 Animate Armour           Summ/Erth      12%        N/A       98%         4
 Cause Fear               Hex            3%         N/A       98%         4
 Fulminant Prism          Conj/Hex       3%         3d6       98%         4
 Hailstorm                Conj/Ice       6%         3d4       98%         4
 Ice Form                 Ice/Tmut       6%         N/A       98%         4
 Iskenderun's Mystic Bla  Conj/Tloc      6%         2d4       98%         4
 Leda's Liquefaction      Hex/Erth       3%         N/A       98%         4
 Manifold Assault         Tloc           6%         N/A       98%         4
 Olgreb's Toxic Radiance  Pois           6%         N/A       98%         4
 Passage of Golubria      Tloc           6%         N/A       98%         4
 Summon Ice Beast         Ice/Summ       6%         N/A       98%         4
 Summon Lightning Spire   Summ/Air       6%         N/A       98%         4
 Fireball                 Conj/Fire      6%         3d5       98%         5
 Agony                    Necr           6%         N/A       100%        5
 Alistair's Intoxication  Tmut/Pois      4%         N/A       100%        5
 Blade Hands              Tmut           3%         N/A       100%        5
 Borgnjor's Vile Clutch   Necr/Erth      3%         N/A       100%        5
 Freezing Cloud           Conj/Ice/Air   3%         6-21      100%        5
 Irradiate                Conj/Tmut      3%         3d12      100%        5
 Iskenderun's Battlesphe  Conj           6%         2d6       100%        5
 Lee's Rapid Deconstruct  Erth           3%         3d6*      100%        5
 Lightning Bolt           Conj/Air       3%         1d14      100%        5
 Metabolic Englaciation   Hex/Ice        3%         N/A       100%        5
 Silence                  Hex/Air        3%         N/A       100%        5
 Summon Forest            Summ/Tloc      3%         N/A       100%        5
 Summon Mana Viper        Hex/Summ       6%         N/A       100%        5
 Yara's Violent Unravell  Hex/Tmut       3%         3d4       100%        5
 Conjure Ball Lightning   Conj/Air       3%         3x3d6     100%        6
 Dispersal                Tloc           3%         N/A       100%        6
 Simulacrum               Ice/Necr       3%         N/A       100%        6
 Starburst                Conj/Fire      6%         6d4       100%        6
 Statue Form              Tmut/Erth      4%         N/A       100%        6
 Summon Cactus Giant      Summ           3%         N/A       100%        6
 Dragon Form              Tmut           3%         N/A       100%        7
 Enfeeble                 Hex            3%         N/A       100%        7
 Malign Gateway           Summ/Tloc      3%         N/A       100%        7
 Monstrous Menagerie      Summ           3%         N/A       100%        7
 Orb of Destruction       Conj           3%         9d5       100%        7
 Ozocubu's Refrigeration  Ice            3%         4d8       100%        7
 Summon Hydra             Summ           3%         N/A       100%        7
 Discord                  Hex            3%         N/A       100%        8
 Disjunction              Tloc           3%         N/A       100%        8
 Lehudib's Crystal Spear  Conj/Erth      3%         10d2      100%        8
 Chain Lightning          Conj/Air       3%         3d4       100%        9
 Dragon's Call            Summ           3%         N/A       100%        9
 Polar Vortex             Ice            3%         N/A       100%        9


Dungeon Overview and Level Annotations

Branches:
Dungeon (15/15)            Temple (1/1) D:6            Lair (5/5) D:9
  Swamp (4/4) Lair:3       Spider (4/4) Lair:3        Slime (5/5) Lair:5
    Orc (2/2) D:11            Elf (3/3) Orc:2        Vaults (5/5) D:13
  Crypt (0/3) Vaults:2     Depths (4/4) D:15            Zot (0/5) Depths:4
  Sewer (visited)           IceCv (visited)         Volcano (visited)
Gauntlet (visited)

Altars:
Ashenzari
Cheibriados
Dithmenos
Fedhas
Kikubaaqudgha
Makhleb
Qazlal
Ru
Trog
Wu Jian
Jiyva

Shops:
D:13 *   Orc:2 [(:*   Elf:1 (   Vaults:1 !   Vaults:4 =   Depths:2 =

Portals:
Hell: Depths:1 Depths:2 Depths:3 Depths:4
Abyss: Depths:3 Depths:4
Pandemonium: Depths:1 Depths:2

Annotations:
D:5 1 runed translucent door
Lair:5 3 runed translucent doors, exclusion: 5 oklob plants, ytrimaz's ghost, journeyman DsGl
Elf:1 2 transporters, audacious124's ghost, adept DsIE
Elf:2 3 runed translucent doors
Depths:1 exclusion: ice statue


Innate Abilities, Weirdness & Mutations

You have a pair of large antennae on your head. (SInv)
A powerful demonic guardian rushes to your aid.
You can hurl damnation.
You are resistant to unholy torment.
When hurt, damage is shared between your health and your magic reserves.
You regenerate magic rapidly.
When low on magic, you restore magic in place of health.
You have an absolutely massive brain. (Int +6, Wiz)
You punish those that try to bend your will. (Will+)
You are very agile. (Dex +8, Str/Int -2)
Your flesh is cold resistant. (rC+)
Your flesh is heat resistant. (rF+)
Your system is resistant to poisons. (rPois)
[You have an uncontrollable temper.]
[Armour fits poorly on your strangely shaped body.]
[Your body often deteriorates upon taking damage.]
[You are very dopey. (Int -4)]
[You are extremely frail. (-30% HP)]
[Your magical capacity is extremely low. (-30% MP)]
[You frequently scream uncontrollably at your foes.]
[You do not regenerate when monsters are visible.]
[You are often teleported next to monsters.]
[You are very weak. (Str -4)]
[Potions cannot restore your health.]
[Your spells are easier to cast, but less powerful.]
[You sometimes lose the ability to drink potions when taking damage.]
[You sometimes lose the ability to read scrolls when taking damage.]


Message History

The ancient zyme completely misses you. The ancient zyme misses you.
The wretched star glows turbulently.
The lance of force misses you.
The lance of force hits the neqoxec!!
The neqoxec dies!
The living spell casts itself at you. Something smites you!
* * * LOW HITPOINT WARNING * * *
A demonic guardian appears!
The living spell casts itself at you. Something smites you!
* * * LOW HITPOINT WARNING * * *
You cannot drink potions in your current state!
You cannot read scrolls in your current state!
You hit the walking divine tome but do no damage.
The walking divine tome is almost destroyed.
You block the thrashing horror's attack. x2
The wretched star pulses with an eldritch light!
Your Hell Sentinel twists and deforms.
You block the walking divine tome's attack.
The ancient zyme completely misses you. You block the ancient zyme's attack.
The wretched star glows turbulently.
The lance of force hits you!
* * * LOW HITPOINT WARNING * * *
You are knocked back by the lance of force.
You collide with the wretched star!
The wretched star is lightly damaged.
The lich touches you but does no damage.
The starspawn tentacle grabs your Hell Sentinel.
The starspawn tentacle constricts your Hell Sentinel.
The wretched star glows turbulently.
The lance of force misses you.
The lance of force hits the wretched star!!
The wretched star is knocked back by the lance of force.
The living spell casts itself at you. Something smites you!
* * * LOW HITPOINT WARNING * * *
Your Hell Sentinel struggles to escape constriction.
The living spell casts itself at you. Something smites you!
You die...

▓........
▓.............
▓..............
▓∩.............
▓.....Λ........
▓....w.\w.Xw...
▓...1.XX│>..\..
▓....x*.X.D1.>.
▓.....@;**3──..
▓.....*L**X....
▓▓▓▓▓▓▓▓▓▓.....
.... ..


You could see a bone dragon, a Hell Sentinel, a walking divine tome, 3 tentacled
starspawn, a lich, 4 wretched stars, an ancient zyme, a thrashing horror
(strong), a large abomination, a smoke demon (ally target), 3 starspawn
tentacles, 2 living smiting commandments and a friendly Hell Sentinel (summoned,
misshapen).

Vanquished Creatures
  the Royal Jelly (Slime:5)
  A dread lich (Depths:1)
  5 juggernauts
  A shard shrike (Zig:5)
  Saint Roka (Orc:2)
  Margery (Vaults:3)
  3 caustic shrikes
  11 golden dragons
  the Enchantress (Depths:2)
  An electric golem (Zig:12)
  5 bone dragons
  10 tentacled monstrosities
  5 liches
  Jorgrun (D:13)
  A walking earthen tome (Depths:2)
  6 deep elf blademasters
  The ghost of Lance11888 the Brawler, an adept TrAr of the Shining One (Swamp:4)
  6 quicksilver dragons
  4 deep elf master archers
  10 titans
  14 acid blobs
  An Executioner (Zig:19)
  7 sphinxes
  2 tentacled starspawn (Zig:19)
  10 shadow dragons
  5 tengu reavers
  A draconian monk (Depths:4)
  Kirke (Swamp:1)
  2 nagarajas (Zig:7)
  18 storm dragons
  5 fire giants
  10 azure jellies
  5 rockslimes
  8 deep elf sorcerers
  10 frost giants
  19 vault wardens
  7 iron dragons
  6 ghost moths
  A balrug (Depths:2)
  5 emperor scorpions
  An angel (Zig:4)
  A curse skull (Zig:3)
  5 deep elf elementalists (Elf:3)
  Aizul (Swamp:3)
  A draconian annihilator (Depths:4)
  11 orc warlords
  21 stone giants
  3 broodmothers
  6 quicksilver oozes
  3 war gargoyles
  6 spriggan defenders
  20 ironbound preservers
  A reaper (Zig:3)
  33 very ugly things
  7 ironbound thunderhulks
  86 slime creatures
  A green draconian (Depths:4)
  3 vampire knights
  A black draconian (Depths:4)
  9 deep elf demonologists
  Nessos (D:15)
  6 eleionomae
  Azrael (D:12)
  6 dire elephants
  A red draconian (Volcano)
  6 bunyips
  A purple draconian (Depths:4)
  2 wendigos (Zig:5)
  A minotaur (Gauntlet)
  8 deep elf annihilators
  8 ettins
  8 spark wasps
  2 shambling mangroves
  5 deep elf death magi
  2 crystal guardians
  8 fire dragons
  14 entropy weavers
  A blizzard demon (Depths:1)
  5 deep elf high priests
  Fannar (Lair:1)
  16 yaktaur captains
  6 rakshasas
  9 great orbs of eyes
  36 vault guards
  Harold (D:10)
  17 hydras
  16 ice dragons
  2 peacekeepers (Vaults:3)
  4 jorogumos
  A hell beast (Depths:4)
  7 spriggan air magi
  The ghost of TemplarDane the Basher, a journeyman HuFi of Okawaru (D:6)
  2 salamander tyrants
  11 centaur warriors
  6 ghost crabs
  3 catoblepae (Lair:5)
  A two-headed ogre (shapeshifter) (Vaults:4)
  7 alligators
  10 ironbound frosthearts
  3 radroaches
  An anaconda (shapeshifter) (D:14)
  5 tengu warriors
  8 two-headed ogres
  6 ogre magi
  5 deep troll shamans
  8 death scarabs
  2 death yaks (Lair:5)
  8 boulder beetles
  2 thrashing horrors
  13 dancing weapons
  2 vampire magi
  8 orc high priests
  5 deep troll earth magi
  Urug (Lair:1)
  3 shock serpents
  3 hell hogs (Depths:4)
  A spectral emperor scorpion (Spider:4)
  11 sun demons
  6 spriggan berserkers
  Sonja (D:10)
  21 hell knights
  3 wretched stars (Zig:19)
  15 deep elf knights
  Amaemon (D:9)
  3 soul eaters
  4 salamander mystics
  7 iron trolls
  3 skeletal warriors
  7 pharaoh ants
  A sea snake (shapeshifter) (Vaults:5)
  A shadow wraith (Zig:1)
  2 sixfirhies (Abyss:2)
  4 goliath frogs
  2 sun moths
  20 starcursed masses (Abyss:2)
  8 steelbarb worms
  11 glowing orange brains
  9 bog bodies
  7 death drakes
  A naga ritualist (Zig:7)
  A spectral hydra (Swamp:4)
  13 swamp dragons
  2 flayed ghosts (Depths:3)
  40 deep trolls
  13 orb spiders
  18 deep elf archers
  16 wizards
  4 phantasmal warriors
  2 spriggan druids
  A tengu zombie (Vaults:4)
  24 ironbound convokers
  A spectral jorogumo (Spider:4)
  5 lindwurms
  41 deep elf pyromancers
  9 necromancers
  A lindwurm (shapeshifter) (Depths:3)
  2 fenstrider witch simulacra (Swamp:4)
  A spectral wolf spider (Spider:4)
  11 orc knights
  A mana viper (Zig:7)
  5 shining eyes
  7 salamanders
  6 harpies
  7 orc sorcerers
  14 wolf spiders
  43 ugly things
  6 manticores
  30 deep elf zephyrmancers
  A spectral spriggan (Swamp:4)
  11 cyclopes
  A shining eye (shapeshifter) (Vaults:5)
  3 will-o-the-wisps
  A human skeleton (Vaults:4)
  13 moths of wrath
  3 ice statues
  A worldbinder (Abyss:2)
  22 vault sentinels
  A guardian serpent (Zig:7)
  14 torpor snails
  24 elephants
  3 apocalypse crabs
  Maurice (D:9)
  A torpor snail (shapeshifter) (Depths:3)
  A black mamba (shapeshifter) (Elf:2)
  9 black mambas
  An orange demon (D:9)
  4 eyes of devastation
  9 smoke demons
  2 centaur skeletons (D:13)
  A molten gargoyle (Volcano)
  A storm dragon simulacrum (Vaults:5)
  2 gargoyles
  A hellion (Zig:4)
  7 cane toads
  2 stone giant skeletons (Vaults:4)
  A spectral redback (Spider:4)
  19 demonic crawlers
  An unseen horror (D:12)
  A bunyip simulacrum (Swamp:4)
  3 kobold demonologists
  13 rime drakes
  5 freezing wraiths
  2 redback zombies (Spider:4)
  3 tengu conjurers
  An unseen horror (shapeshifter) (Vaults:3)
  3 swamp worm zombies (Swamp:4)
  11 komodo dragons
  21 yaktaurs
  2 hellwings (Depths:2)
  2 anaconda simulacra (IceCv)
  4 ice devils (IceCv)
  5 red devils
  4 spectral tarantellas (Spider:4)
  3 polar bears
  3 hydra zombies (Swamp:4)
  A guardian mummy (Zig:2)
  4 ancient zymes
  A merfolk (shapeshifter) (Vaults:5)
  6 meliai
  7 tyrant leeches
  2 wind drakes
  A bloated husk (Swamp:4)
  13 trolls
  2 dream sheep (Lair:5)
  2 spectral culicivoras (Spider:4)
  22 hornets
  5 spectral swamp dragons (Swamp:4)
  4 alligator zombies (Swamp:4)
  A jumping spider zombie (Spider:4)
  A tarantella (shapeshifter) (Depths:3)
  31 tarantellas
  2 tarantella zombies (Spider:4)
  5 raiju
  46 jumping spiders
  A dream sheep (shapeshifter) (Vaults:5)
  3 large abominations
  26 culicivoras
  7 air elementals
  A fire giant simulacrum (Vaults:5)
  2 wraiths
  3 vampires
  3 wyverns
  A ynoxinul (Abyss:2)
  3 hogs (Swamp:1)
  64 yaks
  20 spriggans
  5 water elementals
  2 dire elephant simulacra (IceCv)
  5 fire elementals
  Grum (D:9)
  3 neqoxecs
  6 fire bats (Volcano)
  5 golden eyes
  3 basilisks
  A glowing shapeshifter zombie (Vaults:5)
  A golden eye (shapeshifter) (Vaults:5)
  18 vampire mosquitoes
  6 steam dragons
  13 wargs
  A redback (shapeshifter) (Depths:3)
  A swamp worm (shapeshifter) (Depths:2)
  Menkaure (D:4)
  107 redbacks
  4 harpy simulacra (IceCv)
  13 swamp worms
  2 hydra simulacra (IceCv)
  21 water moccasins
  8 acid dragons
  6 hell hounds
  An ogre skeleton (Vaults:4)
  9 swamp drakes
  2 sky beasts (D:7)
  2 black bears
  63 orc warriors
  8 wolves
  4 swamp dragon zombies (Swamp:4)
  25 ogres
  13 centaurs
  A boggart (Elf:1)
  6 phantoms
  5 kobold brigands
  12 bullfrogs
  A small abomination (Abyss:2)
  7 scorpions
  2 necrophages
  A two-headed ogre simulacrum (IceCv)
  An earth elemental (Elf:2)
  A cane toad simulacrum (IceCv)
  5 wights (D:7)
  5 killer bees (D:5)
  An elephant simulacrum (IceCv)
  5 electric eels
  3 howler monkeys
  5 lava snakes (Volcano)
  3 crimson imps (Gauntlet)
  28 orc priests
  A gnoll bouda (D:8)
  4 hounds
  2 jellies
  2 iguanas (D:6)
  Ijyb (D:3)
  Terence (D:3)
  26 orc wizards
  2 spectral swamp drakes (Swamp:4)
  5 mummies (Zig:2)
  16 gnolls
  8 adders
  A swamp drake zombie (Swamp:4)
  6 shadow imps
  2 white imps
  2 ufetubi (IceCv)
  3 worms
  14 dart slugs
  115 orcs
  10 ball pythons
  9 endoplasms
  5 giant cockroaches
  8 goblins
  9 hobgoblins
  4 jackals (D:1)
  5 quokkas
  8 bats
  3 frilled lizards
  22 kobolds
  9 rats
  2 starspawn tentacles (Zig:19)
2525 creatures vanquished.

Vanquished Creatures (collateral kills)
  Bai Suzhen (Spider:3)
  A walking divine tome (Depths:2)
  A lich (Depths:2)
  2 titans (Zig:12)
  2 deep elf master archers (Zig:17)
  A sphinx (Depths:2)
  2 acid blobs (Zig:14)
  A rockslime (Zig:14)
  An azure jelly (Zig:14)
  A storm dragon (Depths:3)
  2 fire giants
  A ghost moth (Spider:3)
  A frost giant (Depths:1)
  2 ironbound thunderhulks
  An orc warlord (Zig:13)
  2 stone giants
  A quicksilver ooze (Zig:14)
  A deep elf annihilator (Elf:3)
  A bunyip (Swamp:1)
  A deep elf death mage (Elf:3)
  A yaktaur captain (Vaults:2)
  2 vault guards (Vaults:4)
  A great orb of eyes (Zig:14)
  2 ice dragons
  A catoblepas (D:14)
  A centaur warrior (Vaults:1)
  An ironbound frostheart (Vaults:2)
  An alligator (Swamp:1)
  A two-headed ogre (Orc:2)
  A death yak (Lair:5)
  2 orc high priests (Zig:16)
  4 hell knights
  A spriggan (Swamp:1)
  An orb spider (Spider:4)
  A deep troll (Vaults:2)
  2 bog bodies (Swamp:1)
  2 ironbound convokers
  A lindwurm (Vaults:3)
  A deep elf zephyrmancer (Zig:17)
  A will-o-the-wisp (Swamp:4)
  A cyclops (D:13)
  An orc sorcerer (Orc:2)
  A wolf spider (Spider:1)
  2 slime creatures (Zig:14)
  2 centaur skeletons (D:13)
  A swamp worm zombie (Swamp:4)
  A demonic crawler (Spider:1)
  A yaktaur (Vaults:2)
  A tyrant leech (Swamp:1)
  A hornet (Swamp:1)
  A jumping spider (Spider:1)
  A human (shapeshifter) (Depths:2)
  A fire bat (Volcano)
  A yak (Lair:1)
  2 air elementals (Zig:10)
  3 vampire mosquitoes (Swamp:1)
  6 redbacks
  2 water moccasins (D:5)
  3 orc warriors (Zig:16)
  An ogre (D:4)
  4 centaurs
  3 scorpions (D:5)
  A bullfrog (D:4)
  3 killer bees (D:5)
  A hound (D:4)
  2 orc priests
  An orc wizard (Zig:13)
  A shadow imp (D:7)
  4 orcs
  A kobold (D:4)
108 creatures vanquished.

Vanquished Creatures (others)
  A golden dragon (Vaults:5)
  A very ugly thing (Vaults:5)
  An eleionoma (Zig:11)
  2 hydras (Zig:11)
  An ice dragon (Zig:15)
  An alligator (Zig:11)
  3 deep elf knights
  A spriggan (Swamp:1)
  A soul eater (Depths:4)
  A goliath frog (Swamp:2)
  2 spriggan druids (Zig:11)
  3 swamp dragons (Zig:11)
  An orb spider (Spider:3)
  2 wizards
  A phantasmal warrior (Swamp:4)
  A deep elf zephyrmancer (Elf:2)
  A wolf spider (Spider:4)
  A will-o-the-wisp (Swamp:2)
  A salamander (Depths:1)
  A smoke demon (Zig:19)
  A yaktaur (Vaults:4)
  10 bloated husks
  A tarantella (Spider:3)
  2 hornets
  A stone giant simulacrum (Zig:5)
  A water elemental (Zig:9)
  A wyvern (Zig:15)
  2 steam dragons (Zig:18)
  A vampire mosquito (Swamp:4)
  A neqoxec (Zig:19)
  A hydra simulacrum (Swamp:4)
  2 swamp drakes
  3 bushes (Lair:5)
  21 foxfires
  16 fungi
  40 plants
  7 starspawn tentacles (Zig:19)
138 creatures vanquished.

Grand Total: 2771 creatures vanquished

Notes
Turn   | Place    | Note
-------+----------+-------------------------------------------
     0 | D:1      | SigmundSlayer the Demonspawn Monk began the quest for the
                  | Orb.
     0 | D:1      | Reached XP level 1. HP: 18/18 MP: 1/1
   337 | D:1      | Gained mutation: You regenerate magic rapidly. [demonic
                  | ancestry]
   337 | D:1      | Reached XP level 2. HP: 20/24 MP: 2/2
  1214 | D:1      | Gained mutation: A weak demonic guardian rushes to your
                  | aid. [demonic ancestry]
  1214 | D:1      | Reached XP level 3. HP: 29/29 MP: 3/3
  2112 | D:2      | Found a faded altar of an unknown god.
  2309 | D:3      | Noticed Ijyb
  2471 | D:3      | Killed Ijyb
  2472 | D:3      | Gained mutation: You have an unusually large brain. (Int
                  | +2) [demonic ancestry]
  2472 | D:3      | Reached XP level 4. HP: 23/37 MP: 4/4
  2699 | D:3      | Reached skill level 1 in Shields
  3002 | D:3      | Identified the amulet "Witz" {Spirit Dex+3}
  3070 | D:3      | Reached XP level 5. HP: 41/42 MP: 5/5
  3119 | D:3      | Noticed Terence
  3142 | D:3      | Killed Terence
  3143 | D:3      | Reached skill level 1 in Armour
  3521 | D:3      | Reached skill level 4 in Fighting
  3839 | D:4      | Noticed a phantom
  3850 | D:4      | Killed a phantom
  3851 | D:4      | Gained mutation: When hurt, damage is shared between your
                  | health and your magic reserves. [demonic ancestry]
  3851 | D:4      | Reached XP level 6. HP: 46/48 MP: 6/6
  3868 | D:4      | Noticed Menkaure
  3881 | D:4      | Killed Menkaure
  4145 | D:4      | Gained mutation: A demonic guardian rushes to your aid.
                  | [demonic ancestry]
  4145 | D:4      | Reached XP level 7. HP: 25/54 MP: 5/7
  5096 | D:5      | Entered Level 5 of the Dungeon
  5245 | D:5      | Found the +9 staff of Olgreb {rPois∞}
  5249 | D:5      | Found a runed translucent door.
  5255 | D:5      | Found a runed translucent gate.
  5255 | D:5      | Found a runed translucent gate.
  5255 | D:5      | Noticed a redback
  5256 | D:5      | Found a runed translucent door.
  5442 | D:5      | Found a runed translucent gate.
  5443 | D:5      | Noticed a redback
  5535 | D:5      | Reached skill level 5 in Fighting
  5546 | D:5      | Killed a redback
  5553 | D:5      | Gained mutation: You have a pair of small antennae on your
                  | head. [demonic ancestry]
  5553 | D:5      | Reached XP level 8. HP: 30/62 MP: 8/8
  5558 | D:5      | Reached skill level 5 in Dodging
  5561 | D:5      | Reached skill level 5 in Long Blades
  5603 | D:5      | Reached skill level 6 in Fighting
  5954 | D:5      | Gained mutation: You have an extremely huge brain. (Int +4)
                  | [demonic ancestry]
  5954 | D:5      | Reached XP level 9. HP: 24/69 MP: 7/9
  7570 | D:6      | Found a staircase to the Ecumenical Temple.
  7580 | Temple   | Entered the Ecumenical Temple
  7719 | Temple   | Became a worshipper of Cheibriados the Contemplative
  7719 | Temple   | Reached * piety under Cheibriados
  7719 | Temple   | Reached ** piety under Cheibriados
  7777 | D:6      | Found a glowing drain.
  7853 | Sewer    | Entered a sewer
  7922 | Sewer    | Reached skill level 5 in Shields
  7990 | Sewer    | Reached skill level 5 in Armour
  8095 | Sewer    | Reached *** piety under Cheibriados
  8307 | D:6      | Found a runed translucent gate.
  8308 | D:6      | Found a runed translucent gate.
  8309 | D:6      | Found a runed translucent gate.
  8311 | D:6      | Noticed TemplarDane's ghost (journeyman HuFi)
  8315 | D:6      | Identified the +4 plate armour of Weirdness {rN+ Str+3}
  8365 | D:6      | Reached skill level 7 in Fighting
  8394 | D:6      | Killed TemplarDane's ghost
  8395 | D:6      | Gained mutation: You punish those that try to bend your
                  | will. (Will+) [demonic ancestry]
  8395 | D:6      | Reached XP level 10. HP: 67/79 MP: 4/10
  8762 | D:6      | Found a stormy altar of Qazlal.
  8771 | D:6      | Found an ornate altar of the Wu Jian Council.
  8773 | D:6      | Found a shadowy altar of Dithmenos.
  9413 | D:7      | Reached **** piety under Cheibriados
 10724 | D:8      | Noticed a cyclops
 10741 | D:8      | Killed a cyclops
 10833 | D:8      | Identified a scroll of acquirement
 10833 | D:8      | Acquired 848 gold pieces
 10938 | D:8      | Noticed a two-headed ogre
 10951 | D:8      | Killed a two-headed ogre
 10952 | D:8      | Reached skill level 8 in Fighting
 11168 | D:8      | Reached ***** piety under Cheibriados
 11689 | D:9      | Noticed a soul eater
 12109 | D:9      | Noticed Maurice
 12127 | D:9      | Killed Maurice
 12140 | D:9      | Noticed an orange demon
 12143 | D:9      | Noticed Amaemon
 12162 | D:9      | Killed Amaemon
 12163 | D:9      | Reached XP level 11. HP: 76/87 MP: 11/11
 12280 | D:9      | Found a staircase to the Lair.
 12372 | D:9      | Got Sif Muna's Lectures on Air and Summoning
 12415 | D:9      | Noticed Grum
 12435 | D:9      | Killed Grum
 12507 | D:10     | Entered Level 10 of the Dungeon
 12542 | D:10     | Noticed a two-headed ogre
 12555 | D:10     | Killed a two-headed ogre
 12556 | D:10     | Reached skill level 1 in Invocations
 12582 | D:10     | Noticed Sonja
 12593 | D:10     | Killed Sonja
 12968 | D:10     | Reached skill level 9 in Fighting
 13383 | D:11     | Noticed a two-headed ogre
 13401 | D:11     | Killed a two-headed ogre
 13607 | D:11     | Noticed Harold
 13627 | D:10     | Killed Harold
 13765 | D:10     | Acquired the +3 pair of boots of the Hurricane {rC+}
 13781 | D:10     | Acquired the +1 plate armour of the Usurping Gods {rF++
                  | Str+4 SInv}
 13783 | D:10     | Acquired a manual of Armour
 14014 | D:11     | Noticed a two-headed ogre
 14184 | D:11     | Killed a two-headed ogre
 14268 | D:11     | Noticed an ogre mage
 14272 | D:11     | Reached ****** piety under Cheibriados
 14282 | D:11     | Killed an ogre mage
 14283 | D:11     | Reached XP level 12. HP: 65/96 MP: 15/15
 14452 | D:11     | Found a staircase to the Orcish Mines.
 14607 | D:11     | Reached skill level 5 in Invocations
 14800 | D:11     | Noticed a rakshasa
 14819 | D:11     | Killed a rakshasa
 14844 | D:11     | Noticed a rakshasa
 14856 | D:11     | Killed a rakshasa
 15240 | D:11     | Noticed a centaur warrior
 15249 | D:11     | Killed a centaur warrior
 15453 | D:12     | Reached skill level 10 in Fighting
 15632 | D:12     | Noticed a two-headed ogre
 15642 | D:12     | Killed a two-headed ogre
 16097 | D:12     | Noticed Azrael
 16118 | D:12     | Killed Azrael
 16616 | D:13     | Found Vuxib's Assorted Antiques.
 16737 | D:13     | Bought a scroll of identify for 68 gold pieces
 16869 | D:13     | Noticed a boulder beetle
 16870 | D:13     | Reached XP level 13. HP: 104/104 MP: 18/18
 17233 | D:13     | Found a gate to the Vaults.
 17272 | D:13     | Noticed Jorgrun
 17297 | D:13     | Killed Jorgrun
 17304 | D:13     | Reached skill level 10 in Armour
 17522 | D:13     | Identified the +1 ring mail of Fonko {rN+ Dex+5}
 17689 | D:14     | Reached skill level 10 in Dodging
 17700 | D:14     | Reached skill level 10 in Long Blades
 18219 | D:14     | Reached skill level 11 in Fighting
 18335 | D:14     | Noticed a stone giant
 18347 | D:14     | Killed a stone giant
 18990 | D:14     | Noticed an orc warlord
 19001 | D:14     | Killed an orc warlord
 19133 | D:14     | Noticed a stone giant
 19134 | D:14     | Noticed a crystal guardian
 19144 | D:14     | Killed a stone giant
 19145 | D:14     | Reached XP level 14. HP: 95/113 MP: 13/21
 19503 | D:14     | Reached skill level 10 in Shields
 19561 | D:14     | Noticed a storm dragon
 19577 | D:14     | Killed a storm dragon
 19578 | D:14     | Reached skill level 10 in Invocations
 20032 | D:14     | Noticed a frost giant
 20214 | D:14     | Killed a frost giant
 20254 | D:14     | Identified the +5 shortbow "Doemmit" {freeze, rF++ Int+2
                  | Dex-4}
 21144 | Lair:1   | Entered Level 1 of the Lair of Beasts
 21166 | Lair:1   | Found a dark tunnel.
 21189 | Volcano  | Entered a volcano
 21538 | Volcano  | Found a burning altar of Makhleb.
 21652 | Lair:1   | Found a frozen archway.
 21661 | IceCv    | Entered an ice cave
 22027 | IceCv    | Reached skill level 12 in Fighting
 22627 | Lair:1   | Noticed Urug
 22633 | Lair:1   | Noticed Fannar
 22634 | Lair:1   | Killed Urug
 22646 | Lair:1   | Killed Fannar
 23668 | Lair:2   | Reached XP level 15. HP: 110/122 MP: 20/23
 24141 | Lair:3   | Found a gate leading to a gauntlet.
 24148 | Gauntlet | Entered a Gauntlet
 24148 | Gauntlet | Found a transporter.
 24148 | Gauntlet | Found a transporter.
 24156 | Gauntlet | Found a transporter.
 24160 | Gauntlet | Found a transporter.
 24168 | Gauntlet | Found a transporter.
 24172 | Gauntlet | Found a transporter.
 24181 | Gauntlet | Found a transporter.
 24195 | Gauntlet | Found the +8 autumn katana {vorpal, manifold assault}
 24196 | Gauntlet | Found a transporter.
 24210 | Gauntlet | Found a transporter.
 24214 | Gauntlet | Found a transporter.
 24215 | Gauntlet | Found a runed translucent door.
 24225 | Gauntlet | Found a transporter.
 24226 | Gauntlet | Found a transporter.
 24512 | Gauntlet | Identified the amulet of Vaemowo {Will+ Regen+}
 24566 | Gauntlet | Identified the +7 glaive "Quente" {flame, Contam rN+ Will+
                  | Str+2}
 24566 | Gauntlet | Identified the +5 swamp dragon scales of Resourcefulness
                  | {rPois Int+3}
 24691 | Gauntlet | Identified the ring of Eternal Harmony {MP+9 Str-4 Dex+4}
 24702 | Gauntlet | Identified the +1 kite shield of a ziggurat {Harm Str-5
                  | Int+5}
 24702 | Gauntlet | Identified the +6 morningstar of the Beast {vorpal, Will-
                  | Int+4}
 25100 | Lair:3   | Found a hole to the Spider Nest.
 25177 | Lair:3   | Found a staircase to the Swamp.
 25215 | Lair:3   | Identified the +1 helmet "Fyxy" {Drain rElec Will+ rCorr}
 26185 | Lair:5   | Entered Level 5 of the Lair of Beasts
 26495 | Lair:5   | Reached skill level 13 in Fighting
 26531 | Lair:5   | Identified the +1 chain mail "Cebihuudui" {Rampage Will+
                  | SInv}
 26725 | Lair:5   | Found a runed translucent gate.
 26725 | Lair:5   | Noticed ytrimaz's ghost (journeyman DsGl)
 26726 | Lair:5   | Found a runed translucent gate.
 26729 | Lair:5   | Found a runed translucent gate.
 26791 | Lair:5   | Found a staircase to the Slime Pits.
 26792 | Lair:5   | Found a viscous altar of Jiyva.
 27406 | Orc:1    | Entered Level 1 of the Orcish Mines
 27729 | Orc:1    | Gained mutation: A powerful demonic guardian rushes to your
                  | aid. [demonic ancestry]
 27729 | Orc:1    | Reached XP level 16. HP: 107/130 MP: 22/25
 27867 | Orc:2    | Entered Level 2 of the Orcish Mines
 27984 | Orc:2    | Found a staircase to the Elven Halls.
 28166 | Orc:2    | Found Jaxedor's General Store.
 28186 | Orc:2    | Noticed Saint Roka
 28207 | Orc:2    | Killed Saint Roka
 28489 | Orc:2    | Found Punelet's Antique Armour Shop.
 28557 | Orc:2    | Found Iskad's Antique Weapon Shop.
 28640 | Orc:2    | Found Geurph's Book Shop.
 28838 | Swamp:1  | Entered Level 1 of the Swamp
 29047 | Swamp:1  | Reached skill level 1 in Spellcasting
 29243 | Swamp:1  | Noticed Kirke
 29247 | Swamp:1  | Noticed a sphinx
 29255 | Swamp:1  | Killed Kirke
 30278 | Swamp:3  | Noticed Aizul
 30306 | Swamp:3  | Killed Aizul
 30476 | Swamp:3  | Reached skill level 14 in Fighting
 30508 | Swamp:3  | Reached XP level 17. HP: 139/139 MP: 27/27
 31110 | Swamp:3  | Identified the +1 war axe "Gupt" {elec, Drain rElec rPois
                  | Int+2}
 31248 | Swamp:4  | Entered Level 4 of the Swamp
 31525 | Swamp:4  | Noticed Lance11888's ghost (adept TrAr)
 31527 | Swamp:4  | Found a transporter.
 31533 | Swamp:4  | Found a transporter.
 31634 | Swamp:4  | Killed Lance11888's ghost
 31831 | Swamp:4  | Identified the +4 morningstar "Yracecu" {flame, Str+4}
 32185 | Swamp:4  | Reached skill level 15 in Invocations
 32313 | Swamp:4  | Noticed a bone dragon
 32328 | Swamp:4  | Killed a bone dragon
 32338 | Swamp:4  | Got a decaying rune of Zot
 32528 | Spider:1 | Entered Level 1 of the Spider Nest
 33500 | Spider:2 | Reached skill level 15 in Armour
 33691 | Spider:2 | Reached XP level 18. HP: 123/148 MP: 26/29
 34517 | Spider:3 | Reached skill level 15 in Fighting
 34906 | Spider:3 | Noticed Bai Suzhen
 34921 | Spider:3 | Killed Bai Suzhen
 35068 | Spider:3 | Identified the +1 robe of Death's Door {*Corrode rPois
                  | Int+9 Dex-4}
 35362 | Spider:3 | Acquired a +2 cloak of poison resistance
 35541 | Spider:4 | Entered Level 4 of the Spider Nest
 35897 | Spider:4 | Identified the +2 robe "Jeuh" {rPois Dex+2}
 36078 | Spider:4 | Identified the +6 chain mail "Poklimoj" {Dex+7}
 36530 | Spider:4 | Reached XP level 19. HP: 151/157 MP: 29/31
 36586 | Spider:4 | Got a gossamer rune of Zot
 36932 | D:15     | Entered Level 15 of the Dungeon
 36975 | D:15     | Found a burning altar of Makhleb.
 36975 | D:15     | Noticed Nessos
 36982 | D:15     | Killed Nessos
 37161 | D:15     | Found a staircase to the Depths.
 37739 | Elf:1    | Entered Level 1 of the Elven Halls
 37747 | Elf:1    | Paralysed by an air elemental for 1 turns
 37872 | Orc:2    | Learned a level 8 spell: Ignition
 37922 | Elf:1    | Paralysed by an air elemental for 1 turns
 37941 | Elf:1    | Found Lyjiutz's Weapon Shoppe.
 38157 | Elf:1    | Reached skill level 16 in Fighting
 38157 | Elf:1    | Reached skill level 1 in Evocations
 38173 | Elf:1    | Reached skill level 1 in Fire Magic
 38245 | Elf:1    | Identified the +8 mace of Classification {vamp, rCorr}
 38264 | Elf:1    | Found a transporter.
 38269 | Elf:1    | Found a bloodstained altar of Trog.
 38270 | Elf:1    | Found a transporter.
 38281 | Elf:1    | Noticed audacious124's ghost (adept DsIE)
 38298 | Elf:1    | Identified the +1 pair of gloves "Ulamusor" {Harm rC+ SInv}
 38529 | Elf:1    | Paralysed by an air elemental for 1 turns
 39038 | Elf:2    | Acquired the amulet of Dicil {RegenMP rElec rCorr}
 39660 | Elf:2    | Found a runed translucent gate.
 39660 | Elf:2    | Found a runed translucent gate.
 39662 | Elf:2    | Found a runed translucent gate.
 39810 | Elf:3    | Entered Level 3 of the Elven Halls
 39813 | Elf:3    | Paralysed by an air elemental for 1 turns
 40533 | Abyss:2  | Cast into level 2 of the Abyss (a deep elf sorcerer)
 40804 | Abyss:2  | Reached skill level 15 in Dodging
 40853 | Abyss:2  | Gained mutation: You have an absolutely massive brain. (Int
                  | +6, Wiz) [demonic ancestry]
 40853 | Abyss:2  | Reached XP level 20. HP: 166/166 MP: 32/32
 40992 | Elf:3    | Escaped the Abyss
 41213 | Elf:3    | Identified the ring "Ryzizaun" {rF+ rN+ Str+6}
 41213 | Elf:3    | Identified the +1 troll leather armour "Buh Biha" {Regen+
                  | Str+2 Dex+3}
 42099 | Elf:3    | Found the amulet of Vitality {RegenMP++ Regen++}
 42103 | Elf:3    | Got the Lectures on Curses and the Geologist
 42111 | Elf:3    | Got Rekhur's Encyclopedia of the Tainted Gathering
 42113 | Elf:3    | Got the Guide on Amassed Ensorcelling
 42457 | Vaults:1 | Entered Level 1 of the Vaults
 43158 | Vaults:1 | Reached skill level 5 in Evocations
 43159 | Vaults:1 | Reached skill level 5 in Spellcasting
 44048 | Vaults:1 | Found Ipalug's Distillery.
 44056 | Vaults:1 | Bought a potion of curing for 33 gold pieces
 44056 | Vaults:1 | Bought a potion of curing for 33 gold pieces
 44056 | Vaults:1 | Bought a potion of heal wounds for 55 gold pieces
 44056 | Vaults:1 | Bought a potion of heal wounds for 55 gold pieces
 44056 | Vaults:1 | Bought a potion of might for 44 gold pieces
 44507 | Vaults:2 | Reached skill level 5 in Fire Magic
 44620 | Vaults:2 | Noticed a bone dragon
 44633 | Vaults:2 | Killed a bone dragon
 44634 | Vaults:2 | Found a staircase to the Crypt.
 45566 | Vaults:3 | Gained mutation: You have a pair of antennae on your head.
                  | [demonic ancestry]
 45566 | Vaults:3 | Reached XP level 21. HP: 173/173 MP: 34/34
 45686 | Vaults:3 | Reached skill level 17 in Fighting
 45788 | Vaults:3 | Noticed Margery
 45802 | Vaults:3 | Killed Margery
 45808 | Vaults:3 | Reached skill level 15 in Shields
 46011 | Vaults:3 | Paralysed by a great orb of eyes for 4 turns
 47006 | Vaults:3 | You fall into a shaft and drop 1 floor!
 48321 | Vaults:4 | Found Ytwa's Jewellery Emporium.
 48329 | Vaults:4 | Bought the ring "Weaga" {rC+ rN+ Str+2 Dex+3} for 653 gold
                  | pieces
 48774 | Vaults:5 | Entered Level 5 of the Vaults
 49361 | Vaults:4 | Gained mutation: You have a pair of large antennae on your
                  | head. (SInv) [demonic ancestry]
 49361 | Vaults:4 | Reached XP level 22. HP: 183/183 MP: 35/35
 49441 | Vaults:5 | Found the +3 Mad Mage's Maulers {Infuse+∞ RegenMP Int-3}
 49467 | Vaults:5 | Identified the ring "Zyofaa" {rElec rN+ Str+4 Dex-5}
 49513 | Vaults:5 | Identified the +2 scale mail of Philately {rN+}
 49588 | Vaults:5 | Reached skill level 18 in Fighting
 49601 | Vaults:5 | Noticed a golden dragon
 49611 | Vaults:5 | Killed a golden dragon
 49685 | Vaults:5 | Reached skill level 15 in Long Blades
 50002 | Vaults:5 | Noticed a golden dragon
 50037 | Vaults:5 | Killed a golden dragon
 50093 | Vaults:5 | Gained mutation: [Armour fits poorly on your strangely
                  | shaped body.] [a shining eye]
 50095 | Vaults:5 | Gained mutation: [Your spells are a little easier to cast,
                  | but a little less powerful.] [a shining eye]
 50610 | Vaults:5 | Identified the +5 kite shield of Thoughtfulness {Dex+6}
 51073 | Vaults:5 | Got Ello's Omnibus of Glacial Transposition
 51276 | Vaults:5 | Got a silver rune of Zot
 51854 | Slime:1  | Entered Level 1 of the Pits of Slime
 51948 | Slime:3  | Lost mutation: [Your spells are a little easier to cast,
                  | but a little less powerful.] [potion of mutation]
 51948 | Slime:3  | Lost mutation: [Armour fits poorly on your strangely shaped
                  | body.] [potion of mutation]
 51948 | Slime:3  | Gained mutation: You have sharp toenails. [potion of
                  | mutation]
 51948 | Slime:3  | Gained mutation: You have hidden genetic potential. [potion
                  | of mutation]
 51948 | Slime:3  | Gained mutation: You have great hidden genetic potential.
                  | [potion of mutation]
 51981 | Slime:5  | Entered Level 5 of the Pits of Slime
 52042 | Slime:5  | Found a viscous altar of Jiyva.
 52043 | Slime:5  | Noticed the Royal Jelly
 52084 | Slime:5  | Killed the Royal Jelly
 52103 | Slime:5  | Gained mutation: You are clumsy. (Dex -2) [a shining eye]
 52399 | Slime:5  | Identified the +6 morningstar of Change {holy, rF+ Int+7}
 52407 | Slime:5  | Got a slimy rune of Zot
 52512 | Slime:5  | Reached XP level 23. HP: 192/192 MP: 36/36
 52593 | Slime:4  | Gained mutation: You expend magic power (3 MP) to
                  | strengthen your wands. [a shining eye]
 52594 | Slime:4  | Gained mutation: [You sometimes lose your temper in
                  | combat.] [a shining eye]
 52821 | Depths:1 | Entered Level 1 of the Depths
 53015 | Depths:1 | Found an ancient bone altar of Kikubaaqudgha.
 53124 | Depths:1 | Found a gateway to Hell.
 53220 | Depths:1 | Lost mutation: You have great hidden genetic potential.
                  | [potion of mutation]
 53220 | Depths:1 | Lost mutation: You have sharp toenails. [potion of
                  | mutation]
 53220 | Depths:1 | Gained mutation: [You have an uncontrollable temper.]
                  | [potion of mutation]
 53220 | Depths:1 | Gained mutation: [You are weak. (Str -2)] [potion of
                  | mutation]
 53220 | Depths:1 | Gained mutation: You have large cloven feet. [potion of
                  | mutation]
 53220 | Depths:1 | Gained mutation: Your flesh is heat resistant. (rF+)
                  | [potion of mutation]
 53221 | Depths:1 | Lost mutation: Your flesh is heat resistant. (rF+) [potion
                  | of mutation]
 53221 | Depths:1 | Lost mutation: You are clumsy. (Dex -2) [potion of
                  | mutation]
 53221 | Depths:1 | Gained mutation: [You occasionally lose the ability to
                  | drink potions when taking damage.] [potion of mutation]
 53221 | Depths:1 | Lost mutation: [You have an uncontrollable temper.] [potion
                  | of mutation]
 53222 | Depths:1 | Lost mutation: [You occasionally lose the ability to drink
                  | potions when taking damage.] [potion of mutation]
 53222 | Depths:1 | Lost mutation: You expend magic power (3 MP) to strengthen
                  | your wands. [potion of mutation]
 53222 | Depths:1 | Lost mutation: You have hidden genetic potential. [potion
                  | of mutation]
 53222 | Depths:1 | Gained mutation: You are agile. (Dex +4, Str/Int -1)
                  | [potion of mutation]
 53222 | Depths:1 | Lost mutation: [You sometimes lose your temper in combat.]
                  | [potion of mutation]
 53222 | Depths:1 | Gained mutation: Your flesh is heat resistant. (rF+)
                  | [potion of mutation]
 53516 | Depths:1 | You fall into a shaft and drop 1 floor!
 53729 | Depths:1 | Found a one-way gateway to a ziggurat.
 53832 | Depths:1 | Found a one-way gate leading to the halls of Pandemonium.
 54268 | Depths:1 | Noticed a dread lich
 54278 | Depths:1 | Killed a dread lich
 54307 | Depths:2 | Found a huge runed gate.
 54307 | Depths:2 | Found a huge runed gate.
 54307 | Depths:2 | Found a huge runed gate.
 54307 | Depths:2 | Found a huge runed gate.
 54307 | Depths:2 | Found a huge runed gate.
 54307 | Depths:2 | Found a huge runed gate.
 54307 | Depths:2 | Found a huge runed gate.
 54307 | Depths:2 | Found a huge runed gate.
 54307 | Depths:2 | Found a huge runed gate.
 54307 | Depths:2 | Found a huge runed gate.
 54307 | Depths:2 | Found a huge runed gate.
 54307 | Depths:2 | Found a huge runed gate.
 54307 | Depths:2 | Found a huge runed gate.
 54307 | Depths:2 | Found a huge runed gate.
 54307 | Depths:2 | Found a huge runed gate.
 54307 | Depths:2 | Found a huge runed gate.
 54307 | Depths:2 | Found a huge runed gate.
 54307 | Depths:2 | Found a huge runed gate.
 54307 | Depths:2 | Found a huge runed gate.
 54307 | Depths:2 | Found a huge runed gate.
 54320 | Depths:2 | Reached skill level 19 in Fighting
 54391 | Depths:2 | Noticed a caustic shrike
 54405 | Depths:2 | Killed a caustic shrike
 55182 | Depths:2 | Noticed the Enchantress
 55197 | Depths:2 | Killed the Enchantress
 55952 | Depths:2 | Found Gynocul's Jewellery Shoppe.
 56233 | Depths:2 | Noticed a caustic shrike
 56245 | Depths:2 | Killed a caustic shrike
 56543 | Depths:2 | Identified the +1 plate armour of Momazeps {rC+ rN++}
 56571 | Depths:2 | Got the Atlas of Transmutation
 56991 | Depths:3 | Gained mutation: When low on magic, you restore magic in
                  | place of health. [demonic ancestry]
 56991 | Depths:3 | Reached XP level 24. HP: 191/202 MP: 37/37
 57472 | Depths:3 | Found a one-way gate to the infinite horrors of the Abyss.
 58073 | Depths:3 | Identified the ring "Qeus" {rElec rN+ Will+}
 58316 | Depths:4 | Entered Level 4 of the Depths
 58316 | Depths:4 | Noticed a juggernaut
 58340 | Depths:4 | Killed a juggernaut
 58547 | Depths:4 | Reached skill level 20 in Fighting
 58881 | Depths:4 | Found a sacrificial altar of Ru.
 59214 | Depths:4 | Found a gate to the Realm of Zot.
 59397 | Zig:1    | Entered Level 1 of a ziggurat
 59424 | Zig:2    | Entered Level 2 of a ziggurat
 59449 | Zig:3    | Entered Level 3 of a ziggurat
 59486 | Zig:3    | Reached XP level 25. HP: 197/211 MP: 37/37
 59495 | Zig:3    | Identified the +4 battleaxe "Buetz" {antimagic, Drain
                  | Int+6}
 59500 | Zig:4    | Entered Level 4 of a ziggurat
 59538 | Zig:4    | Identified the ring of Ilabluyt {Drain Fly Int+6 Dex+4}
 59568 | Zig:5    | Entered Level 5 of a ziggurat
 59572 | Zig:5    | Noticed a shard shrike
 59574 | Zig:5    | Paralysed by a wendigo for 1 turns
 59583 | Zig:5    | Killed a shard shrike
 59584 | Zig:5    | Paralysed by a wendigo for 1 turns
 59601 | Zig:5    | Identified the ring of Wetokoam {Wiz Int+3 Slay+2}
 59626 | Zig:6    | Entered Level 6 of a ziggurat
 59654 | Zig:6    | Gained mutation: You are resistant to unholy torment.
                  | [demonic ancestry]
 59654 | Zig:6    | Reached XP level 26. HP: 184/218 MP: 37/37
 59683 | Zig:7    | Entered Level 7 of a ziggurat
 59753 | Zig:7    | Identified the +0 robe "Dischugod" {rElec Will+}
 59758 | Zig:7    | Identified the +1 pair of boots of Jepyim {Int+3}
 59762 | Zig:8    | Entered Level 8 of a ziggurat
 59830 | Zig:8    | Identified the ring of Toed {Fire Fly rElec Str+2 Int+5}
 59833 | Zig:8    | Identified the +1 robe "Wouwkuuz" {Regen+}
 59836 | Zig:8    | Identified the +4 falchion "Eptet" {vorpal, rC- rCorr Str+6
                  | SInv}
 59843 | Zig:9    | Entered Level 9 of a ziggurat
 59857 | Zig:9    | Paralysed by an air elemental for 1 turns
 59859 | Zig:9    | Paralysed by an air elemental for 1 turns
 59927 | Zig:9    | Identified the ring of Doors {Fly Int-3 Dex+4 Slay+2}
 59935 | Zig:9    | Got Beog Dups's Almanac of Bedrock
 59937 | Zig:9    | Identified the ring "Latzacauri" {Ice Dex+4 Stlth+}
 59947 | Zig:10   | Entered Level 10 of a ziggurat
 59953 | Zig:10   | Paralysed by an air elemental for 1 turns
 59956 | Zig:10   | Paralysed by an air elemental for 1 turns
 59960 | Zig:10   | Paralysed by an air elemental for 1 turns
 59961 | Zig:10   | HP: 7/219 [titan/bolt of lightning (31)]
 59961 | Zig:10   | HP: 1/219 [air elemental (6)]
 59966 | Zig:10   | HP: 1/219 [electric golem/bolt of lightning (18)]
 59968 | Zig:11   | Entered Level 11 of a ziggurat
 60093 | Zig:11   | Got the Anthology of Bloodstone
 60131 | Zig:12   | Entered Level 12 of a ziggurat
 60149 | Zig:12   | Paralysed by an air elemental for 1 turns
 60561 | Zig:13   | Entered Level 13 of a ziggurat
 60583 | Zig:13   | Noticed a juggernaut
 60601 | Zig:13   | Killed a juggernaut
 60644 | Zig:13   | Acquired a manual of Spellcasting
 60985 | Zig:13   | Identified the ring "Ceabb" {Ice rElec SInv}
 60992 | Zig:13   | Identified the +3 shortbow "Goblinbane" {freeze, rF+ Str+2}
 60993 | Zig:13   | Identified the +4 lajatang "Grim" {venom, Dex+4}
 60999 | Zig:14   | Entered Level 14 of a ziggurat
 61066 | Zig:14   | Gained mutation: [You occasionally lose the ability to read
                  | scrolls when taking damage.] [a shining eye]
 61069 | Zig:14   | Gained mutation: [Your spells are a little easier to cast,
                  | but a little less powerful.] [a shining eye]
 61071 | Zig:14   | Gained mutation: [Your body sometimes deteriorates upon
                  | taking damage.] [a shining eye]
 61465 | Zig:14   | Identified the +3 scale mail "Qairof" {rF+ Will+ Int-2}
 61470 | Zig:14   | Got the Verses on Hurtful Frostbite
 61481 | Zig:14   | Identified the +7 long sword of Siduv Eruure {freeze, rC+
                  | Str+2}
 61497 | Zig:14   | Lost mutation: [Your spells are a little easier to cast,
                  | but a little less powerful.] [potion of mutation]
 61497 | Zig:14   | Lost mutation: You have large cloven feet. [potion of
                  | mutation]
 61497 | Zig:14   | Gained mutation: Your system is resistant to poisons.
                  | (rPois) [potion of mutation]
 61497 | Zig:14   | Gained mutation: Your flesh is cold resistant. (rC+)
                  | [potion of mutation]
 61497 | Zig:14   | Gained mutation: You are very agile. (Dex +8, Str/Int -2)
                  | [potion of mutation]
 61503 | Zig:14   | Identified the +4 spear of Duebyklu {vorpal, *Rage Str+7
                  | Int+2}
 61516 | Zig:15   | Entered Level 15 of a ziggurat
 61593 | Zig:15   | Reached skill level 21 in Fighting
 61690 | Zig:15   | Identified the +7 mace "Caulo" {pain, Int+5}
 61697 | Zig:15   | Identified the ring "Turer" {Fly Str+4}
 61704 | Zig:15   | Identified the amulet of the Quick Tangerine {Spirit rPois
                  | rF- Int+4 Stlth+}
 61712 | Zig:15   | Identified the +5 trident "Jellyslayer" {vorpal, rC- Str+5}
 61716 | Zig:15   | Identified the +8 shortbow "Bivorof" {freeze, +Blink rC+
                  | rCorr Str-4}
 61722 | Zig:16   | Entered Level 16 of a ziggurat
 61746 | Zig:16   | Noticed a juggernaut
 61748 | Zig:16   | Noticed a juggernaut
 61765 | Zig:16   | Killed a juggernaut
 61766 | Zig:16   | Noticed a juggernaut
 61772 | Zig:16   | Killed a juggernaut
 61783 | Zig:16   | Reached skill level 22 in Fighting
 61787 | Zig:16   | Killed a juggernaut
 61842 | Zig:16   | Gained mutation: You can hurl damnation. [demonic ancestry]
 61842 | Zig:16   | Reached XP level 27. HP: 231/231 MP: 37/37
 61844 | Zig:16   | Identified the ring of the Exiled Beggars {Wiz rC+ Str+3
                  | Int+5 Dex+3}
 61847 | Zig:16   | Identified the ring of Itari {rElec rC+ Will+}
 61850 | Zig:16   | Identified the +11 battleaxe of the Fifty Priests {protect,
                  | Fly Str+4}
 61853 | Zig:16   | Identified the +0 ring mail of Fedhas, Baking {rCorr
                  | Stlth+}
 61871 | Zig:17   | Entered Level 17 of a ziggurat
 61878 | Zig:17   | Paralysed by an air elemental for 1 turns
 61968 | Zig:17   | Reached skill level 23 in Fighting
 62313 | Zig:17   | Found the ring of the Octopus King
 62330 | Zig:17   | Identified the amulet "Cufyfu" {RegenMP rElec rN++ Int-3
                  | SInv}
 62345 | Zig:17   | Identified the +10 demon whip "Nioptoc" {venom, rCorr
                  | Str+5}
 62359 | Zig:17   | Identified a ring of the Octopus King {rN+ HP+2 AC+2 EV+2
                  | SH+2}
 62380 | Zig:18   | Entered Level 18 of a ziggurat
 62503 | Zig:18   | Got Iposaoph's Encyclopedia of Amassed Grit
 62508 | Zig:18   | Identified the +5 spear of Nyaro {vamp, SInv}
 62515 | Zig:18   | Identified the +3 morningstar of Wrath {protect, Int+3}
 62519 | Zig:18   | Identified the +10 broad axe "Egg" {flame, rPois rC+ rCorr
                  | Dex-4}
 62525 | Zig:19   | Entered Level 19 of a ziggurat
 62565 | Zig:19   | Reached skill level 24 in Fighting
 62583 | Zig:19   | HP: 1/168 [living spell/divine providence[a walking divine
                  | tome] (9)]
 62583 | Zig:19   | Killed from afar by a living spell

Illustrated notes

Levels and vault maps discovered:
D:1:      erik_arrival_cave_to_civilisation [erik_arrival_cave_to_hall],
          layout_basic
D:2:      layout_rooms, shapermc_ecumenical_altar_flowoftime
D:3:      kennysheep_slugbush, layout_basic, uniq_ijyb, uniq_terence
D:4:      layout_basic, minmay_statues_item, minmay_misc_feat_nine_boxes,
          minmay_cut_off, uniq_menkaure
D:5:      minmay_inner_zag, layout_gridville, mrwooster_statue_mirror,
          minmay_guarded_unrand_staff_of_olgreb
D:6:      layout_layer_cave, mainiacjoe_overflow_alcove_3,
          minmay_temple_entry_statues_pillars, biasface_ghost_orc_armoury,
          portal_sewer_entry_b, due_unseen_surprise
D:7:      layout_basic, hangedman_abyss_or_decor_lesser_grid
D:8:      layout_layer_cave
D:9:      layout_rooms, lair_entry_dummy, uniq_grum, uniq_maurice, uniq_amaemon
D:10:     layout_roguey, uniq_sonja
D:11:     layout_cave_pools, erik_orc_4, minmay_misc_feat_tiny,
          minmay_evil_grid, uniq_harold
D:12:     layout_roguey [special_room_orc], chequers_jeans, uniq_azrael
D:13:     layout_rooms, hangedman_vaults_entry_quadrant_bands, serial_shops,
          shop_coins, uniq_jorgrun
D:14:     lemuel_traditional_vault, layout_long_grid
D:15:     grunt_enter_depths_giant_problem, layout_loops_cross, bloody_makhleb,
          einodemon_armed_red_devil_minivault, uniq_nessos
Temple:   compressed_dpeg_circular_temple
Lair:1:   layout_regular_city, enter_volcano_3, portal_ice_cave_entry_pillars_2,
          uniq_fannar, uniq_urug
Lair:2:   layout_cave_shapes, grunt_megastairs_3
Lair:3:   layout_chaotic_city, minmay_swamp_entry_swarm,
          hellmonk_spider_entry_life_and_decay, gauntlet_entry_generic
Lair:4:   layout_gridlike
Lair:5:   hangedman_lair_in_review, layout_misc_corridors, wormcave,
          slime_entry_1, gammafunk_ghost_split, dpeg_oklob_1
Swamp:1:  layout_basic_swamp, hangedman_swamp_diagram, swamp_pool4, uniq_kirke
Swamp:2:  layout_basic_swamp, evilmike_swamp_ruin_house_1
Swamp:3:  cheibrodos_swamp_heart_of_darkness, layout_basic_swamp,
          nicolae_swamp_bean_lake, swamp_pool4, nicolae_swamp_treefoil,
          uniq_aizul
Swamp:4:  swamp_pestilence, layout_basic_swamp, gammafunk_ghost_mausoleum
Spider:1: layout_spider_delve, drop_trap, nicolae_spider_baby_got_redback
Spider:2: layout_spider_delve, hangedman_spider_tarantella_strand
Spider:3: cheibrodos_forgotten_conduit, worms_lemuel, uniq_bai_suzhen
Spider:4: floodkiller_spider_rune_tomb, hangedman_spider_mandibles
Slime:1:  layout_caves
Slime:2:  layout_caves
Slime:3:  cheibrodos_slime_lost_civilization_3, layout_caves
Slime:4:  layout_caves
Slime:5
Orc:1:    layout_caves, basic_altar
Orc:2:    grunt_orc_cross, layout_diamond_mine, uniq_saint_roka
Elf:1:    minmay_elf_arrival_circle, layout_geoelf_diagonals,
          gammafunk_ghost_wrathful_warriors, serial_shops, nicolae_shop_stone,
          hangedman_elf_disciples
Elf:2:    elven_hall_of_blades_hangedman_original [grunt_blade_entry_basic],
          layout_loops_cross
Elf:3:    elf_hall_gauntlet_wide, layout_geoelf_octagon
Vaults:1: v_misc_14, v_misc_16, v_alt_pattern_5,
          vaults_room_grunt_arrival_ludios, hangedman_vaults_corner_blocks,
          hangedman_vaults_corner_blocks, nicolae_vaults_ninety_degrees,
          ontoclasm_vaults_ring_large, ontoclasm_vaults_misaligned,
          vaults_room_grunt_arrival_checkpoint, hangedman_vaults_slice,
          grunt_vaults_swirl, ontoclasm_vaults_fault, layout_vaults_omnicross,
          serial_shops, shop
Vaults:2: vaults_room_door_ring, ontoclasm_vaults_claustrophobia,
          ontoclasm_vaults_gallery, minmay_crypt_entry_nasty_monster,
          nicolae_vaults_yaktaur_gun_rack, v_misc_11, vaults_dpeg_ring,
          layout_vaults_omnigrid
Vaults:3: vaults_room_grid, v_misc_31, st_octagons_2,
          nicolae_vaults_big_angled_halls, hangedman_vaults_slice,
          vaults_mumra_minichess_inversion, vaults_room_hallway,
          nicolae_vaults_mini_display_case, layout_vaults_chaotic_city,
          uniq_margery
Vaults:4: nicolae_vaults_diagonal_hallway_7, v_misc_28, v_misc_11,
          hangedman_vaults_stitches, hangedman_vaults_river_flow, v_misc_19,
          vaults_mumra_hex, vaults_room_door_hall,
          nicolae_vaults_ring_of_whatevers, layout_vaults_ring, serial_shops,
          nicolae_square_shop
Vaults:5
Depths:1: cheibrodos_cascadia, layout_cave_shapes, enter_ziggurat_b,
          nicolae_hell_entry_hellmouth_sunbeams, grunt_pan_entry_sceptre,
          kiku_gazebo_pond_becter
Depths:2: cheibrodos_leafed_vault, layout_cave_shapes, nicolae_wwwww,
          rand_demon_pan_entry_4, hell_entry, reverse_door_vault,
          minmay_shop_star, uniq_enchantress
Depths:3: minmay_the_grid_triangle_9x9_recursive_3
          [minmay_the_grid_triangle_9x9_wacky_v,
          minmay_the_grid_triangle_9x9_zippers_horizontal,
          minmay_the_grid_triangle_9x9_checkered,
          minmay_the_grid_triangle_9x9_prize_insulated,
          minmay_the_grid_triangle_9x9_minimal,
          minmay_the_grid_triangle_9x9_windchime,
          minmay_the_grid_triangle_9x9_intruding_spiral,
          minmay_the_grid_triangle_9x9_semitri,
          minmay_the_grid_triangle_9x9_stretched_checkered], layout_gridlike,
          abyss_entry_crystal, hell_entry
Depths:4: evilmike_zot_entry_diamond, layout_gridlike, abyss_entry,
          nicolae_ru_sacrificial_ziggurat, hellmouth_3
Zig:19

Skill      XL: |  1  2  3  4  5  6  7  8  9 10 11 12 13 14 15 16 17 18 19 20 21 22 23 24 25 26 27 |
---------------+----------------------------------------------------------------------------------+-----
Long Blades    | 3 4 5 6 7 8 9 10 11 12 13 14 15 16 17 | 17.9
Dodging        | 3 4 5 6 7 8 9 10 11 12 13 14 15 17 18 19 20 21 | 21.1
Shields        | 1 2 3 4 5 6 8 9 10 11 12 13 14 15 16 17 18 | 18.6
Armour         | 1 2 3 4 5 6 7 9 11 12 13 14 15 16 17 18 19 20 21 | 21.0
Fighting       | 4 5 6 7 8 9 10 11 12 13 14 15 16 17 18 19 20 22 24 | 24.0
Invocations    | 4 7 9 11 13 14 15 16 17 18 19 20 | 20.0
Spellcasting   | 2 4 5 9 |  9.3
Evocations     | 3 5 |  5.9
Fire Magic     | 3 5 |  5.2
Stealth        | |  1.8

Action                   |  1- 3 |  4- 6 |  7- 9 | 10-12 | 13-15 | 16-18 | 19-21 | 22-24 | 25-27 || total
-------------------------+-------+-------+-------+-------+-------+-------+-------+-------+-------++-------
Melee: Falchion          |   129 |   153 |   341 |   722 |   328 |       |       |       |       ||  1673
       Punch             |     3 |       |       |       |       |       |       |       |       ||     3
       Staff             |       |       |       |       |    31 |       |       |       |       ||    31
       Scimitar          |       |       |       |       |   448 |       |       |       |       ||   448
       Katana            |       |       |       |       |   467 |  2248 |  2120 |  2416 |  1072 ||  8323
Throw: Throwing net      |       |       |       |     1 |       |       |       |       |       ||     1
Invok: Slouch            |       |       |       |       |       |     3 |     7 |     8 |    14 ||    32
 Abil: Evoke the Staff o |       |       |       |       |     2 |       |       |       |       ||     2
Evoke: Wand              |       |     1 |    10 |     8 |     6 |     1 |     6 |     1 |     5 ||    38
       Phantom mirror    |       |       |       |       |     1 |       |       |       |       ||     1
       Phial of floods   |       |       |       |       |       |       |     1 |       |     1 ||     2
       Box of beasts     |       |       |       |       |       |       |     1 |       |     1 ||     2
       Condenser vane    |       |       |       |       |       |       |     1 |     2 |     6 ||     9
  Use: Potion            |     1 |       |     4 |     2 |     8 |    15 |    10 |    14 |    17 ||    71
       Scroll            |       |       |    20 |    16 |    10 |     9 |     9 |     7 |     8 ||    79
 Stab: Sleeping          |     8 |     5 |    11 |     9 |       |     2 |       |       |       ||    35
       Invisible         |       |     2 |     6 |       |       |       |       |    10 |       ||    18
       Paralysed         |       |       |     5 |     9 |       |       |       |       |       ||    14
       Distracted        |       |       |       |       |     3 |     9 |     1 |     6 |     2 ||    21
       Petrifying        |       |       |       |       |     1 |       |       |       |       ||     1
       Confused          |       |       |       |       |       |       |     4 |       |     2 ||     6
Armor: Robe              |    13 |       |       |       |       |       |       |       |       ||    13
       Leather armour    |       |    25 |    71 |     1 |       |       |       |       |       ||    97
       Ring mail         |       |       |       |   113 |       |       |       |       |       ||   113
       Scale mail        |       |       |       |    23 |       |       |       |       |       ||    23
       Plate armour      |       |       |       |    55 |   445 |   171 |   377 |    83 |       ||  1131
       Swamp dragon scal |       |       |       |       |       |   430 |       |       |       ||   430
       Gold dragon scale |       |       |       |       |       |       |       |   304 |   327 ||   631
Dodge: Dodged            |    87 |    59 |   213 |   588 |  1039 |  2084 |  1103 |  1245 |   994 ||  7412
Block: Buckler           |    15 |    36 |   155 |   494 |   863 |  1379 |   327 |       |       ||  3269
       Tower shield      |       |       |       |       |       |       |  1299 |  2105 |  1536 ||  4940
       Kite shield       |       |       |       |       |       |       |       |   370 |       ||   370

Table legend: (Time is in decaauts)
 A = Elapsed time spent in this place.
 B = Non-inter-level travel time spent in this place.
 C = Inter-level travel time spent in this place.
 D = Time resting spent in this place.
 E = Time spent auto-exploring this place.
 F = Levels seen in this place.
 G = Mean time per level.
                   A        B        C        D        E       F      G
               +--------+--------+--------+--------+--------+-----+--------+
         Total |  89149 |  84171 |   4978 |  11390 |  51814 |  72 | 1238.2 |
       Dungeon |  28302 |  26340 |   1962 |   5535 |  16560 |  15 | 1886.8 |
        Temple |    154 |    154 |      0 |      0 |    130 |   1 |  154.0 |
          Lair |   7931 |   7058 |    873 |    394 |   5154 |   5 | 1586.2 |
         Swamp |   5733 |   5412 |    321 |    441 |   3114 |   4 | 1433.2 |
   Spider Nest |   6629 |   6436 |    193 |    250 |   3982 |   4 | 1657.2 |
    Slime Pits |   1007 |    989 |     18 |    232 |      0 |   5 |  201.4 |
  Orcish Mines |   2468 |   2263 |    205 |     98 |   1768 |   2 | 1234.0 |
   Elven Halls |   5942 |   5631 |    311 |   1040 |   3500 |   3 | 1980.7 |
        Vaults |  13910 |  13267 |    643 |   1089 |   9719 |   5 | 2782.0 |
        Depths |   9715 |   9267 |    448 |    790 |   6133 |   4 | 2428.8 |
         Abyss |    664 |    664 |      0 |      0 |    435 |   1 |  664.0 |
      Ziggurat |   3802 |   3802 |      0 |   1343 |     12 |  19 |  200.1 |
         Sewer |    435 |    435 |      0 |      0 |    258 |   1 |  435.0 |
      Ice Cave |    868 |    868 |      0 |    108 |    439 |   1 |  868.0 |
       Volcano |    639 |    639 |      0 |      0 |    372 |   1 |  639.0 |
      Gauntlet |    944 |    944 |      0 |     69 |    236 |   1 |  944.0 |
               +--------+--------+--------+--------+--------+-----+--------+

Top non-repeatable levels by time:
    D:14: 4568 daAuts
Depths:2: 3211 daAuts
Vaults:5: 3099 daAuts
Vaults:4: 2897 daAuts
Vaults:3: 2840 daAuts
Vaults:1: 2773 daAuts
Depths:1: 2719 daAuts
   Elf:3: 2551 daAuts
     D:5: 2440 daAuts
Vaults:2: 2300 daAuts
    D:11: 2259 daAuts
Depths:3: 2170 daAuts
  Lair:1: 2072 daAuts
     D:8: 2047 daAuts
    D:12: 1964 daAuts
